 Dungeon Crawl Stone Soup version 0.28-a0-577-gb193047a1f (webtiles) character file.

Game seed: 10269060620757591452

74 siradein the Magician (level 4, 0/22 HPs)
             Began as a Spriggan Transmuter on Oct 1, 2021.
             Succumbed to an adder's poison
             ... on level 2 of the Dungeon.
             The game lasted 00:04:17 (3417 turns).

siradein the Magician (Spriggan Transmuter)         Turns: 3417, Time: 00:04:18

Health: 0/22       AC:  2    Str:  6    XL:     4   Next: 9%
Magic:  7/10       EV: 21    Int: 14    God:
Gold:   89         SH:  0    Dex: 21    Spells: 5/9 levels left

rFire   . . .      SeeInvis +     - Unarmed
rCold   . . .      Faith    .   (shield currently unavailable)
rNeg    . . .      Spirit   .   (armour currently unavailable)
rPois   x          Reflect  .   (helmet currently unavailable)
rElec   .          Harm     .   (cloak currently unavailable)
rCorr   .          Rampage  .   (gloves unavailable)
Will    .....                   (boots unavailable)
Stlth   ++........              (no amulet)
HPRegen 0.07/turn               (no ring)
MPRegen 0.12/turn               (no ring)

@: lethally poisoned (0 -> -1), spider-form
A: venomous fangs, tiny, no large weapons, unfitting armour, see invisible,
(speed 3)
a: End Transformation


You were on level 2 of the Dungeon.
You were a venomous arachnid creature.
You visited 1 branch of the dungeon, and saw 3 of its levels.

You collected 89 gold pieces.

Inventory:

Missiles
 e - 9 poisoned darts
Armour
 a - a +0 robe (melded)
 h - a scarf of invisibility (melded)
Magical Staves
 g - a staff of poison (melded)
Scrolls
 d - a scroll of immolation {unknown}
 i - a scroll of amnesia {unknown}
 j - a scroll of noise {unknown}
 k - a scroll of identify {unknown}
 l - a scroll of teleportation {unknown}
Potions
 b - a potion of haste {unknown}
 c - a potion of magic {unknown}
 f - a potion of flight {unknown}


   Skills:
 + Level 1.3 Fighting
 + Level 0.2 Staves
 + Level 3.2 Dodging
 + Level 2.2 Stealth
 + Level 2.7 Unarmed Combat
 + Level 3.3 Spellcasting
 + Level 3.2 Transmutations
 + Level 0.5 Poison Magic


You had 5 spell levels left.
You knew the following spells:

 Your Spells              Type           Power      Damage    Failure   Level
a - Beastly Appendage     Tmut           22%        N/A       16%         1
b - Spider Form           Tmut/Pois      3%         N/A       50%         3

Your spell library contained the following spells:

 Spells                   Type           Power      Damage    Failure   Level
 Wereblood                Tmut           11%        N/A       22%         2
 Gell's Gravitas          Tloc           1%         N/A       73%         3
 Lesser Beckoning         Tloc           2%         N/A       73%         3
 Teleport Other           Tloc           2%         N/A       73%         3
 Ice Form                 Ice/Tmut       6%         N/A       87%         4


Dungeon Overview and Level Annotations

Branches:
Dungeon (3/15)

Altars:

Annotations:
D:2 1 runed translucent door, Crazy Yiuf


Innate Abilities, Weirdness & Mutations

You are a venomous arachnid creature.
You have poisonous fangs.
You are tiny and dextrous.
Your spellcasting is less reliable in this form.
Your armour is entirely melded.
You are incapable of wielding weapons or throwing items.
You are very small and have problems with some larger weapons.
You are too small for most types of armour.
You have supernaturally acute eyesight. (SInv)
((You cover ground extremely quickly. (Speed+++)))


Message History

The adder bites you but does no damage.
There is an escape hatch in the ceiling here.
The adder completely misses you. A mysterious force pulls you upwards.
The hatch slams shut behind you.
Level annotation: 1 runed translucent door, Crazy Yiuf You closely miss the adder.
Your headbutt misses the adder. The adder misses you. x2
You miss the adder. The adder bites you.
You are lethally poisoned!
The adder poisons you!
You closely miss the adder. Your kick misses the adder.
Your horns disappear.
Your talons disappear.
* * * LOW HITPOINT WARNING * * *
You feel sick. The adder completely misses you. The adder barely misses you.
You hit the adder but do no damage.
* * * LOW HITPOINT WARNING * * *
You feel sick. The adder barely misses you.
* * * LOW HITPOINT WARNING * * *
You feel sick.
* * * LOW HITPOINT WARNING * * *
You feel sick.
Casting: Beastly Appendage (safe; 5% risk of failure)
Confirm with . or Enter, or press ? or * to list all spells.
You don't know that spell.
Casting: Beastly Appendage (safe; 5% risk of failure)
Confirm with . or Enter, or press ? or * to list all spells.
The spell is extremely dangerous to cast (28% risk of failure)!
Continue anyway?
You feel a surge of power!
You turn into a venomous arachnid creature.
Your staff of poison melds into your body.
Your scarf of invisibility melds into your body.
Your +0 robe melds into your body.
* * * LOW HITPOINT WARNING * * *
You feel sick. The adder completely misses you.
You hit the adder.
The adder is lightly wounded.
The adder closely misses you.
You hit the adder but do no damage.
The adder is poisoned.
The adder is lightly wounded.
You die...

#.###...##
#...##..##..##..#
#...'....#
#..####....####.#
#####....# ##.## ##..##
##.# #....# #..## #..#
##..# #....#
#...###..###...# #....#
#.#..........#.#
####.####.#.........(#.#
#........###..###...#
#####.s.## #..# ##..#
#.S## ##..## ##.#
#..####....####K#
#...##..##..##..#
#............†..#
#........########
##########


You could see an adder (very poisoned).

Vanquished Creatures
  A gnoll (D:1)
  An adder (D:2)
  A dart slug (D:2)
  3 endoplasms (D:1)
  3 giant cockroaches
  4 goblins (D:1)
  4 hobgoblins
  2 jackals (D:3)
  6 kobolds
  3 quokkas
  7 ball pythons
  6 bats
  4 frilled lizards
  5 rats
50 creatures vanquished.

Notes
Turn   | Place    | Note
-------+----------+-------------------------------------------
     0 | D:1      | siradein the Spriggan Transmuter began the quest for the
                  | Orb.
     0 | D:1      | Reached XP level 1. HP: 9/9 MP: 5/5
    63 | D:1      | Reached skill level 1 in Fighting
    63 | D:1      | Reached skill level 1 in Stealth
    63 | D:1      | Reached XP level 2. HP: 3/14 MP: 4/6
   822 | D:1      | Reached XP level 3. HP: 11/18 MP: 8/8
   950 | D:1      | Learned a level 3 spell: Spider Form
  2533 | D:2      | Found a faded altar of an unknown god.
  2633 | D:2      | Found a runed translucent door.
  2634 | D:2      | Noticed Crazy Yiuf
  3246 | D:3      | Reached XP level 4. HP: 22/22 MP: 7/9
  3415 | D:2      | HP: 1/22 [poisoned by an adder]
  3417 | D:2      | Succumbed to an adder's poison

Illustrated notes

Levels and vault maps discovered:
D:1:      erik_arrival_orb_chamber, layout_loops_ring
D:2:      layout_basic, shapermc_ecumenical_altar_gd, kennysheep_cluttered_room,
          palyth_stone_intersect, uniq_crazy_yiuf_cottage
D:3:      layout_basic

Skill      XL: |  1  2  3 |
---------------+----------+-----
Fighting       | 1 |  1.3
Stealth        | 1 2 |  2.2
Dodging        | 3 |  3.2
Transmutations | 3 |  3.2
Spellcasting   | 3 |  3.3
Staves         | |  0.2
Unarmed Combat | |  2.7
Poison Magic   | |  0.5

Action                   |  1- 3 |  4- 6 || total
-------------------------+-------+-------++-------
Melee: Unarmed           |    65 |     2 ||    67
       Kick              |    30 |     5 ||    35
       Headbutt          |    12 |     4 ||    16
       Staff             |    54 |    25 ||    79
 Cast: Beastly Appendage |    38 |     2 ||    40
       Spider Form       |       |     1 ||     1
 Stab: Sleeping          |     5 |       ||     5
Armor: Robe              |    18 |     3 ||    21
Dodge: Dodged            |   105 |    40 ||   145

Table legend: (Time is in decaauts)
 A = Elapsed time spent in this place.
 B = Non-inter-level travel time spent in this place.
 C = Inter-level travel time spent in this place.
 D = Time resting spent in this place.
 E = Time spent auto-exploring this place.
 F = Levels seen in this place.
 G = Mean time per level.
                   A        B        C        D        E       F      G
               +--------+--------+--------+--------+--------+-----+--------+
         Total |   2719 |   2666 |     53 |    230 |   2037 |   3 |  906.3 |
       Dungeon |   2719 |   2666 |     53 |    230 |   2037 |   3 |  906.3 |
               +--------+--------+--------+--------+--------+-----+--------+

Top non-repeatable levels by time:
     D:1: 1532 daAuts
     D:2: 1044 daAuts
     D:3: 143 daAuts
